 Dungeon Crawl Stone Soup version 0.28-a0-883-gc8d7bad45d (webtiles) character file.

Game seed: 14490334020172524129

41 cheechan the Chucker (level 3, -1/24 HPs)
             Began as an Octopode Hunter on Nov 21, 2021.
             Slain by a gnoll (8 damage)
             ... on level 2 of the Dungeon.
             The game lasted 00:05:49 (891 turns).

cheechan the Chucker (Octopode Hunter)               Turns: 891, Time: 00:05:50

Health: -1/24      AC:  3    Str: 11    XL:     3   Next: 52%
Magic:  3/3        EV: 13    Int: 13    God:
Gold:   62         SH:  0    Dex: 13    Spells: 2/2 levels left

rFire   . . .      SeeInvis .   b - +1 dagger (freeze)
rCold   + . .      Faith    .   (no shield)
rNeg    . . .      Spirit   .   e - +2 hat of the Breadfruit {Drain rPois Slay+3}
rPois   +          Reflect  .   (no amulet)
rElec   .          Harm     .   i - ring of protection from cold
rCorr   .          Rampage  .   (no ring)
Will    .....                   (no ring)
Stlth   +++.......              (no ring)
HPRegen 0.08/turn               (no ring)
MPRegen 0.08/turn               (no ring)
                                (no ring)
                                (no ring)

@: no status effects
A: almost no armour, amphibious, 8 rings, camouflage 1, gelatinous body 1,
(nimble swimmer 1), tentacles
a: no special abilities


You were on level 2 of the Dungeon.
You visited 1 branch of the dungeon, and saw 2 of its levels.

You collected 62 gold pieces.

Inventory:

Hand Weapons
 b - a +1 dagger of freezing (weapon)
 j - a +0 hunting sling
Missiles
 a - 5 javelins (quivered)
 c - 2 throwing nets
 d - 9 arrows
 g - 20 sling bullets
Armour
 e - the +2 hat of the Breadfruit (worn) {Drain rPois Slay+3}
   (You acquired it on level 1 of the Dungeon)

   Slay:      It affects your accuracy & damage with ranged weapons and melee
   (+3).
   rPois:     It protects you from poison.
   Drain:     It drains your maximum health when unequipped.
Jewellery
 i - a ring of protection from cold (left tentacle)
Potions
 h - a potion of cancellation {unknown}
 k - a potion of might {unknown}


   Skills:
 + Level 2.2 Fighting
 + Level 0.2 Short Blades
 + Level 4.8 Throwing
 + Level 2.2 Dodging
 + Level 2.0 Stealth


You had 2 spell levels left.
You didn't know any spells.
Your spell library was empty.

Dungeon Overview and Level Annotations

Branches:
Dungeon (2/15)

Altars:


Innate Abilities, Weirdness & Mutations

You cannot wear most types of armour.
You are amphibious.
You can wear up to eight rings at the same time.
Your skin changes colour to match your surroundings (Stealth+).
Your rubbery body absorbs attacks. (AC +1, EV +1)
((You are camouflaged near water. (Stealth+)))
You have tentacles for arms and can constrict up to eight enemies at once.


Message History

Fire: 21 sling bullets
Press: ? - help, Q - select action, (/) - cycle Shift-Dir - straight line, f/p - frilled lizard
Aim: a frilled lizard (46% to hit)
You shoot a sling bullet.
The sling bullet misses the frilled lizard.
A gnoll comes into view. It is wielding a +0 club.
The frilled lizard bites you but does no damage.
The gnoll misses you.
Your +1 dagger of freezing glows with a cold blue light!
b - a +1 dagger of freezing (weapon)
The frilled lizard completely misses you.
You miss the frilled lizard.
The gnoll shouts!
You grab the frilled lizard. You constrict the frilled lizard.
You hear a shout! x2
The gnoll closely misses you. The frilled lizard misses you.
You hear a shout!
You hit the frilled lizard.
The frilled lizard seems to slow down.
You freeze the frilled lizard.
You kill the frilled lizard!
The gnoll throws a throwing net.
The throwing net hits you.
You become entangled in the net!
You struggle against the net.
The gnoll closely misses you.
You struggle against the net.
The gnoll hits you from afar with a +0 spear.
You struggle against the net.
The gnoll hits you from afar with a +0 spear.
You shred the net and break free!
The gnoll hits you from afar with a +0 spear.
* * * LOW HITPOINT WARNING * * *
Throw: 6 javelins
Press: ? - help, Q - select action, (/) - cycle Shift-Dir - straight line, f - gnoll
Aim: a gnoll, wielding a +0 spear (68% to hit)
You throw a javelin. The javelin pierces through the gnoll.
The gnoll is heavily wounded.
The javelin pierces through the gnoll!
You kill the gnoll!
The gnoll barely misses you.
The gnoll hits you from afar with a +0 spear!
You die...

..# #.# #.#
##.## ##§..##
#§..§§#######
##§..§§§.....
##§§########
#.#####§§#
#.....(..#
#######@##
#.# #g# #)#
#.# #.# #.#
#(#


You could see a gnoll.

Vanquished Creatures
  A gnoll (D:2)
  A dart slug (D:2)
  2 ball pythons (D:1)
  2 bats (D:1)
  8 endoplasms
  3 giant cockroaches
  3 goblins
  4 hobgoblins (D:1)
  3 kobolds
  A quokka (D:1)
  2 frilled lizards
  5 rats
35 creatures vanquished.

Notes
Turn   | Place    | Note
-------+----------+-------------------------------------------
     0 | D:1      | cheechan the Octopode Hunter began the quest for the Orb.
     0 | D:1      | Reached XP level 1. HP: 14/14 MP: 1/1
    89 | D:1      | Reached XP level 2. HP: 19/19 MP: 2/2
   186 | D:1      | Identified a scroll of acquirement
   186 | D:1      | Acquired the +2 hat of the Breadfruit {Drain rPois Slay+3}
   398 | D:1      | Reached XP level 3. HP: 20/24 MP: 3/3
   891 | D:2      | Slain by a gnoll

Illustrated notes

Levels and vault maps discovered:
D:1:      minmay_arrival_cross, layout_basic, minmay_misc_feat_rows
D:2:      layout_loops_corners, minmay_heptomino_w4

Skill      XL: |  1  2  3 |
---------------+----------+-----
Stealth        | 2 |  2.0
Fighting       | |  2.2
Short Blades   | |  0.2
Throwing       | |  4.8
Dodging        | |  2.2

Action                   || total
-------------------------++-------
Melee: Short sword       ||    18
       Tentacles         ||     7
       Constrict         ||     9
       Dagger            ||    31
 Fire: Hunting sling     ||     5
Throw: Javelin           ||    15
  Use: Scroll            ||     3
 Stab: Sleeping          ||     3
Armor: Skin              ||    15
Dodge: Dodged            ||    37

Table legend: (Time is in decaauts)
 A = Elapsed time spent in this place.
 B = Non-inter-level travel time spent in this place.
 C = Inter-level travel time spent in this place.
 D = Time resting spent in this place.
 E = Time spent auto-exploring this place.
 F = Levels seen in this place.
 G = Mean time per level.
                   A        B        C        D        E       F      G
               +--------+--------+--------+--------+--------+-----+--------+
         Total |    894 |    894 |      0 |      0 |      0 |   2 |  447.0 |
       Dungeon |    894 |    894 |      0 |      0 |      0 |   2 |  447.0 |
               +--------+--------+--------+--------+--------+-----+--------+

Top non-repeatable levels by time:
     D:1: 751 daAuts
     D:2: 143 daAuts
